 Dungeon Crawl Stone Soup version 0.30-a0-782-ge64f9170bb (webtiles) character file.

Game seed: 10211255124467494723

3953 theswoord the Cruncher (level 10, 0/65 (69) HPs)
             Began as a Demonspawn Gladiator on Mar 9, 2023.
             Was a Believer of Ru.
             Slain by a wight
             ... wielding a +4 halberd
              (2 damage)
             ... on level 9 of the Dungeon.
             The game lasted 00:13:36 (7773 turns).

theswoord the Cruncher (Demonspawn Gladiator)       Turns: 7773, Time: 00:13:37

HP:   0/65 (69)     AC: 17    Str: 22    XL:     10   Next: 2%
MP:   10/10         EV: 11    Int: 10    God:    Ru [**....]
Gold: 237           SH:  0    Dex: 14    Spells: 9/9 levels left

rFire   . . .      SeeInvis +    B - +4 quarterstaff
rCold   . . .      Faith    .    (shield currently unavailable)
rNeg    . . .      Spirit   .    f - +4 ring mail "Onetumet" {rElec Str+3 SInv}
rPois   .          Reflect  .    k - +2 hat
rElec   +          Harm     .    s - +2 cloak
rCorr   .          Rampage  .    t - +0 pair of gloves
Will    .....                    g - +0 pair of boots
Stlth   +                        (no amulet)
HPRegen 0.30/turn                (no ring)
MPRegen 0.12/turn                (no ring)

@: drained
A: rugged brown scales 1, demonic guardian 2, powered by death 1, inability to
use devices, weakness stinger 1
a: Renounce Religion


You were on level 9 of the Dungeon.
You worshipped Ru.
Ru was pleased with you.
You visited 2 branches of the dungeon, and saw 10 of its levels.

You collected 405 gold pieces.
You spent 168 gold pieces at shops.

Inventory:

Hand Weapons
 a - a +1 quarterstaff
 B - a +4 quarterstaff (weapon)
Missiles
 e - a javelin (quivered)
Armour
 b - a +0 leather armour
 c - a +0 helmet
 f - the +4 ring mail "Onetumet" (worn) {rElec Str+3 SInv}
   (You found it on level 7 of the Dungeon)

   Str:       It affects your strength (+3).
   rElec:     It insulates you from electricity.
   SInv:      It lets you see invisible.
 g - a +0 pair of boots (worn)
 k - a +2 hat (worn)
 p - a +0 plate armour
 s - a +2 cloak (worn)
 t - a +0 pair of gloves (worn)
Jewellery
 u - a ring of fire
Scrolls
 n - a scroll of immolation
 w - 2 scrolls of poison
 x - 3 scrolls of fear
 y - a scroll of teleportation
 A - a scroll of enchant armour
Potions
 d - a potion of might
 h - a potion of heal wounds
 i - 2 potions of curing
 j - a potion of lignification
 l - 2 potions of mutation
 m - a potion of magic
 o - 2 potions of cancellation
 q - 2 potions of attraction {unknown}
 r - 2 potions of degeneration
 v - a potion of flight {unknown}
 z - a potion of haste


   Skills:
 - Level 2.0 Fighting
 + Level 13.4 Staves
 - Level 1.7 Throwing
 - Level 2.6 Dodging


You had 9 spell levels left.
You didn't know any spells.
Your spell library contained the following spells:

 Spells                   Type           Power      Damage    Failure   Level
 Cigotuvi's Dreadful Rot  Necr/Pois/Air  0%         N/A       67%         2
 Gell's Gravitas          Tloc           0%         N/A       88%         3
 Ignite Poison            Fire/Tmut/Pois 0%         N/A       88%         3
 Teleport Other           Tloc           0%         N/A       88%         3
 Dispel Undead            Necr           0%         3d6       99%         4
 Leda's Liquefaction      Hex/Erth       0%         N/A       99%         4
 Sticky Flame             Conj/Fire      0%         2d3       99%         4
 Lee's Rapid Deconstruct  Erth           0%         3d4*      100%        5
 Death Channel            Necr           0%         N/A       100%        6
 Dispersal                Tloc           0%         N/A       100%        6
 Statue Form              Tmut/Erth      0%         N/A       100%        6
 Ignition                 Fire           0%         3d3       100%        8


Dungeon Overview and Level Annotations

Branches:
Dungeon (9/15)             Temple (1/1) D:5
   Lair: D:8-11         Orc: D:9-12

Altars:
Ashenzari
Cheibriados
Dithmenos
Fedhas
Gozag
Hepliaklqana
Kikubaaqudgha
Makhleb
Nemelex Xobeh
Okawaru
Qazlal
Ru
Sif Muna
Trog
Uskayaw
Vehumet
Wu Jian
Xom

Shops:
D:3 (   D:8 (


Innate Abilities, Weirdness & Mutations

You are partially covered in rugged brown scales. (AC +1, +3% HP)
A demonic guardian rushes to your aid.
You regenerate a little health from kills.
You cannot study or use magical devices.
You have a small tail.


Message History

No target in view!
No target in view!
You climb downwards.
The vampire hits you but does no damage.
The vampire bites you!
The vampire draws strength from your injuries!
The vampire hits you. The vampire barely misses you.
There is a stone staircase leading up, spattered with blood here.
You closely miss the vampire. You sock the vampire!
The vampire hits you but does no damage.
The vampire bites you but does no damage.
The wight hits you but does no damage.
You thump the vampire! The vampire closely misses you. The vampire bites you.
The vampire draws strength from your injuries!
The wight hits you from afar with a +4 halberd!
A demonic guardian appears!
You feel drained.
You sock the vampire! You completely miss the vampire.
Your tail-slap misses the vampire.
The vampire draws life force from you!
* * * LOW HITPOINT WARNING * * *
The vampire is healed by the life force!
The wight hits you from afar with a +4 halberd!
* * * LOW HITPOINT WARNING * * *
Your orange demon barely misses the vampire.
Your orange demon hits the vampire.
You closely miss the vampire.
The wight hits you from afar with a +4 halberd!
* * * LOW HITPOINT WARNING * * *
The vampire misses you. The vampire barely misses you.
Your orange demon stings the vampire.
Your orange demon hits the vampire but does no damage.
You closely miss the vampire. You hit the vampire.
The vampire hits you but does no damage.
The vampire completely misses you.
The wight hits you from afar with a +4 halberd!
* * * LOW HITPOINT WARNING * * *
You feel drained.
You die...

.....# .....#
.....# .....#
.....# . .....##
...###+##.......
.......4.z......
.......@V.......
................
.......$.###...#
......#### ..#
...... .# ......
# ..... .....


You could see a vampire (ally target), a wight and a friendly orange demon
(summoned).

Vanquished Creatures
  A hornet (D:7)
  3 yaks (D:8)
  2 water moccasins
  Duvessa (D:6)
  An ice beast (D:6)
  2 sky beasts
  2 orc warriors
  A black bear (D:7)
  An ogre (D:5)
  3 centaurs
  A kobold brigand (D:8)
  2 bullfrogs (D:7)
  A necrophage (D:7)
  2 scorpions
  5 wights (D:8)
  Dowan (D:6)
  3 killer bees (D:7)
  A vampire bat (D:4)
  3 hounds
  6 orc priests
  3 iguanas
  Ijyb (D:5)
  8 orc wizards
  4 gnolls (D:5)
  6 adders
  A shadow imp (D:7)
  4 worms
  A dart slug (D:1)
  3 fire bats (D:4)
  31 orcs
  2 spectral bats (D:4)
  6 ball pythons
  3 bat skeletons (D:4)
  A bat zombie (D:4)
  8 endoplasms
  7 giant cockroaches
  6 goblins
  5 hobgoblins
  7 kobolds
  2 quokkas
  14 bats
  A bat simulacrum (D:4)
  7 frilled lizards (D:3)
  5 rats
178 creatures vanquished.

Vanquished Creatures (collateral kills)
  A steam dragon (D:8)
  A water moccasin (D:8)
  An orc warrior (D:7)
  A wight (D:8)
  An orc priest (D:7)
  3 frilled lizards (D:3)
  A kobold (D:8)
9 creatures vanquished.

Vanquished Creatures (others)
  An orc wizard (D:6)
  4 fungi (D:3)
  5 plants (D:3)
10 creatures vanquished.

Grand Total: 197 creatures vanquished

Notes
Turn   | Place    | Note
-------+----------+-------------------------------------------
     0 | D:1      | theswoord the Demonspawn Gladiator began the quest for the
                  | Orb.
     0 | D:1      | Reached XP level 1. HP: 16/16 MP: 1/1
    63 | D:1      | Reached skill level 3 in Staves
   244 | D:1      | Gained mutation: A weak demonic guardian rushes to your
                  | aid. [demonic ancestry]
   244 | D:1      | Reached XP level 2. HP: 22/22 MP: 2/2
   952 | D:2      | Reached XP level 3. HP: 18/27 MP: 3/3
  1071 | D:2      | Reached skill level 4 in Staves
  1933 | D:3      | Gained mutation: You are partially covered in rugged brown
                  | scales. (AC +1, +3% HP) [demonic ancestry]
  1933 | D:3      | Reached XP level 4. HP: 25/33 MP: 4/4
  1964 | D:3      | Found Oxkaepad's Antique Weapon Shoppe.
  1987 | D:3      | Found an opulent altar of Gozag.
  2051 | D:3      | Found a faded altar of an unknown god.
  2865 | D:4      | Reached skill level 5 in Staves
  3188 | D:4      | Reached XP level 5. HP: 31/39 MP: 5/5
  3316 | D:4      | Reached skill level 6 in Staves
  3537 | D:4      | Reached XP level 6. HP: 38/45 MP: 6/6
  3660 | D:5      | Entered Level 5 of the Dungeon
  3667 | D:5      | Noticed Ijyb
  3673 | D:5      | Killed Ijyb
  3697 | D:5      | Reached skill level 7 in Staves
  3796 | D:5      | Gained mutation: You regenerate a little health from kills.
                  | [demonic ancestry]
  3796 | D:5      | Reached XP level 7. HP: 51/51 MP: 7/7
  3902 | D:5      | Found a snail-covered altar of Cheibriados.
  3961 | D:5      | Reached skill level 8 in Staves
  4163 | D:5      | Found a staircase to the Ecumenical Temple.
  4249 | Temple   | Entered the Ecumenical Temple
  4256 | Temple   | Became a worshipper of Ru the Awakened
  4952 | D:6      | Reached skill level 9 in Staves
  4952 | D:6      | Gained mutation: You have a small tail. [demonic ancestry]
  4952 | D:6      | Reached XP level 8. HP: 45/57 MP: 8/8
  5049 | D:6      | Found a sparkling altar of Nemelex Xobeh.
  5168 | D:6      | Noticed Duvessa
  5169 | D:6      | Noticed Dowan
  5179 | D:6      | Killed Duvessa
  5190 | D:6      | Killed Dowan
  5452 | D:6      | Found a blossoming altar of Fedhas.
  5454 | D:6      | Found a broken altar of Ashenzari.
  5720 | D:6      | Reached skill level 10 in Staves
  5879 | D:7      | Noticed a hornet
  5892 | D:7      | Paralysed by a hornet for 1 turns
  5900 | D:7      | Killed a hornet
  6064 | D:7      | Reached skill level 11 in Staves
  6079 | D:7      | Gained mutation: You cannot study or use magical devices.
                  | [Ru sacrifice]
  6079 | D:7      | Reached * piety under Ru
  6079 | D:7      | Reached ** piety under Ru
  6167 | D:7      | Gained mutation: A demonic guardian rushes to your aid.
                  | [demonic ancestry]
  6167 | D:7      | Reached XP level 9. HP: 62/62 MP: 9/9
  6167 | D:7      | Identified the +4 ring mail "Onetumet" {rElec Str+3 SInv}
  6831 | D:8      | Reached skill level 12 in Staves
  6927 | D:8      | Found a shimmering altar of Xom.
  6927 | D:8      | Found a shimmering altar of Xom.
  6928 | D:8      | Found a shimmering altar of Xom.
  7154 | D:7      | Reached skill level 13 in Staves
  7569 | D:8      | Found Zouditwuasu's Antique Weapon Emporium.
  7577 | D:8      | Bought a runed quarterstaff for 168 gold pieces
  7763 | D:8      | Reached XP level 10. HP: 68/69 MP: 10/10
  7773 | D:9      | HP: 2/67 [wight/+4 halberd (12)]
  7773 | D:9      | Slain by a wight

Skill      XL: |  1  2  3  4  5  6  7  8  9 |
---------------+----------------------------+-----
Staves         | 3 4 5 6 7 9 11 13 | 13.4
Fighting       | |  2.0
Throwing       | |  1.7
Dodging        | |  2.6

Action                     |  1- 3 |  4- 6 |  7- 9 | 10-12 || total
---------------------------+-------+-------+-------+-------++-------
  Melee: Quarterstaff      |   156 |   165 |   395 |     9 ||   725
         Tailslap          |       |       |    37 |       ||    37
  Throw: Throwing net      |       |     1 |     2 |       ||     3
 Invoke: Sacrifice Artific |       |       |     1 |       ||     1
    Use: Scroll            |     5 |     3 |    11 |       ||    19
         Potion            |       |     2 |     5 |       ||     7
   Stab: Sleeping          |     1 |       |       |       ||     1
         Held in net/web   |       |     1 |       |       ||     1
         Distracted        |       |       |     1 |       ||     1
 Armour: Leather armour    |    18 |       |       |       ||    18
         Plate armour      |    75 |   225 |   121 |       ||   421
         Ring mail         |       |       |    87 |     5 ||    92
  Dodge: Dodged            |    86 |    47 |   139 |     5 ||   277

Levels and vault maps discovered:
D:1:      lightli_arrival_statuegarden, layout_basic
D:2:      layout_basic, nicolae_figureground_sparkle
D:3:      layout_rooms, mainiacjoe_overflow_boulevard,
          shapermc_ecumenical_altar_totnotflames, serial_shops, shop,
          kennysheep_cross_room, minmay_lizard_king
D:4:      nicolae_cairo_tiling_large, layout_loops_corners, minivault_25,
          goddamned_bats
D:5:      layout_gridville, cheibrodos_worm_habitat,
          minmay_temple_entry_drinking_statues, small_statue_intersection,
          uniq_ijyb
D:6:      layout_loops_corners, chequers_temple_overflow_statue_of_worship,
          mainiacjoe_overflow_alcove_4, minmay_statues_item, uniq_duvessa
D:7:      layout_loops_cross, bh_walls_and_bars
D:8:      layout_cave_pools, xom_redecorated, serial_shops,
          nicolae_shop_waterfront
D:9:      minmay_octagon_keep, layout_irregular_city,
          mainiacjoe_overflow_alcove_1, lair_entry_dummy, uniq_psyche
Temple:   nicolae_temple_no_exploring_needed
